Map: Ever Dream LE

Players

FREElancer - Winner!

  • Race: Terran Terran
  • League: Gold
  • Spawn Location: 1:00

Cheater 1 (Vision)

  • Race: Protoss Protoss
  • Spawn Location: 7:00

VOD

Have the link to the VOD?

Description

Time

  • Played on: Sept. 19, 2020, 9:34 a.m.
  • Length: 12:22
Show
View Real Time Build Order
Export as new Build Order

FREElancer Terran - Winner!

Build Orders: Reaper Expand 

Get SALT Encoding   

  12  0:00  SCV  
  13  0:12  SCV  
  14  0:17  Supply Depot  
  14  0:24  SCV  
  15  0:39  SCV  
  15  0:40  Barracks  
  16  0:48  Refinery  
  16  0:51  SCV  
  17  1:03  SCV  
  18  1:15  SCV  
  19  1:29  Orbital Command  
  19  1:32  Reaper  
  20  1:43  Command Center  
  20  1:55  Supply Depot  
  20  1:57  SCV  
  21  2:04  Marine  
  22  2:09  SCV  
  23  2:17  Factory  
  23  2:21  SCV  
  24  2:31  Bunker, Barracks Reactor  
  24  2:33  SCV  
  25  2:44  Refinery  
  25  2:45  SCV  
  26  2:57  SCV  
  27  3:09  Orbital Command, SCV  
  27  3:10  Marine x2  
  27  3:11  Widow Mine  
  32  3:13  Starport  
  32  3:21  SCV  
  33  3:28  Marine x2  
  33  3:33  Widow Mine, SCV  
  38  3:41  SCV  
  38  3:46  SCV, Marine x2  
  42  3:49  Supply Depot  
  42  3:50  Medivac  
  42  3:53  SCV  
  45  3:58  SCV  
  46  4:10  SCV x2, Marine x2  
  46  4:11  Widow Mine  
  46  4:12  Supply Depot  
  52  4:22  Barracks  
  52  4:23  SCV x2  
  52  4:24  Barracks  
  54  4:31  Starport Tech Lab  
  54  4:33  Factory Tech Lab  
  54  4:35  SCV x2  
  54  4:37  Marine x2  
  58  4:41  Supply Depot  
  58  4:44  Refinery  
  58  4:47  SCV x2  
  58  4:51  Raven  
  62  5:01  Engineering Bay  
  62  5:02  SCV x2, Siege Tank, Marine x2  
  62  5:05  Supply Depot  
  69  5:14  SCV, Barracks Tech Lab  
  70  5:26  SCV x2  
  72  5:28  Terran Infantry Weapons Level 1  
  72  5:29  Supply Depot  
  72  5:34  Siege Tank  
  75  5:38  SCV  
  75  5:39  SCV  
  75  5:40  Marine  
  78  5:45  Starport Reactor  
  78  5:50  Marine  
  78  5:51  Supply Depot, Marauder x2, SCV x2  
  85  5:58  Command Center, Marine  
  86  6:06  Refinery  
  86  6:08  Stimpack  
  86  6:11  Combat Shield  
  86  6:12  Marine  
  86  6:13  Marauder x2, SCV x2  
  86  6:15  Supply Depot  
  86  6:16  Marine  
  94  6:36  Supply Depot, SCV x2, Marine x3  
  94  6:37  Supply Depot, Marauder  
  101  6:44  Missile Turret  
  101  6:48  SCV  
  101  6:49  Missile Turret  
  102  6:57  Marine x2  
  102  6:58  Marauder x2, SCV  
  102  7:00  SCV  
  110  7:10  SCV  
  110  7:13  SCV  
  112  7:19  Marauder  
  112  7:22  Marine x2  
  114  7:23  Marine  
  114  7:27  Medivac x2  
  121  7:36  Barracks  
  120  7:40  Marine  
  120  7:41  Marauder, Barracks  
  120  7:42  Orbital Command  
  120  7:43  Terran Infantry Armor Level 1  
  120  7:44  Marine x2  
  125  7:53  Supply Depot  
  125  7:56  Supply Depot  
  125  7:57  Medivac x2  
  125  7:58  Marine  
  129  8:02  Marauder  
  132  8:09  Marine  
  133  8:15  Marauder  
  133  8:16  Marine  
  136  8:22  Supply Depot  
  136  8:23  Supply Depot, Marauder  
  136  8:24  Marine  
  136  8:27  Medivac x2, Marine  
  139  8:28  Refinery  
  139  8:30  Refinery, Missile Turret  
  139  8:33  Barracks Tech Lab  
  144  8:37  Marauder  
  144  8:38  Marine  
  147  8:43  Marauder  
  147  8:44  Marine  
  147  8:45  Marauder  
  152  8:51  Supply Depot  
  152  8:52  Supply Depot  
  152  8:56  Armory, Marine  
  152  8:58  Marauder, Engineering Bay  
  152  9:02  Marine  
  155  9:03  Marine  
  155  9:06  Marauder  
  159  9:12  Marine  
  159  9:14  Medivac x2, Marine  
  165  9:19  Marauder  
  165  9:22  Marauder  
  169  9:28  Marauder  
  165  9:39  Marine x3  
  165  9:41  Marauder  
  165  9:43  Marauder, Medivac  
  171  9:49  Marauder  
  170  9:57  Marauder, Marine x2  
  173  10:02  Marine  
  173  10:04  Marine  
  175  10:10  Marauder  
  175  10:12  Medivac  
  175  10:13  Medivac  
  181  10:28  Supply Depot  
  181  10:29  Supply Depot  
  181  10:50  Marauder, Marine x5  
  190  11:07  Marine  
  190  11:08  Marauder  
  190  11:20  Medivac x2  
  190  11:21  Marine x2  
  190  11:22  Marauder x2  
  190  11:35  Marine x2  
  190  11:39  Marine x2  
  194  11:43  Marine x2  
  195  11:49  Medivac  
  195  11:50  Medivac  
  195  11:53  Marauder, Marine  
  195  11:54  Orbital Command  
  195  11:57  Marine  
  195  11:58  Marauder  
  195  12:01  Marauder, Marine  
Show
View Real Time Build Order
Export as new Build Order

Cheater 1 (Vision) Protoss 

Build Orders: 1 Gate Expand, Archon Immortal 

Get SALT Encoding   

  12  0:00  Probe  
  13  0:13  Probe  
  14  0:19  Pylon  
  14  0:25  Probe  
  15  0:33  Probe  
  15  0:41  Probe  
  17  0:50  Gateway  
  17  0:51  Probe  
  18  0:59  Probe  
  19  1:14  Probe  
  19  1:15  Nexus  
  20  1:27  Probe  
  21  1:37  Pylon  
  21  1:39  Zealot  
  23  1:44  Cybernetics Core  
  23  1:47  Assimilator  
  23  1:55  Probe  
  24  2:03  Probe  
  25  2:11  Probe  
  26  2:18  Pylon  
  26  2:19  Probe  
  26  2:22  Warp Gate  
  26  2:27  Probe x2  
  28  2:31  Gateway  
  28  2:35  Probe  
  29  2:37  Assimilator  
  30  2:46  Probe  
  30  2:51  Stalker  
  33  2:52  Pylon, Probe  
  34  3:01  Probe  
  34  3:04  Probe  
  36  3:14  Probe  
  36  3:17  Probe  
  36  3:18  Adept  
  40  3:21  Adept  
  40  3:24  Probe  
  42  3:27  Robotics Facility  
  42  3:29  Probe  
  44  3:35  Forge  
  44  3:48  Adept  
  46  3:50  Probe  
  46  3:51  Probe, Adept  
  50  3:59  Pylon  
  50  4:02  Probe  
  51  4:03  Probe  
  52  4:11  Gateway  
  52  4:13  Photon Cannon  
  52  4:16  Photon Cannon, Observer  
  53  4:20  Probe  
  53  4:23  Probe  
  54  4:24  Pylon  
  54  4:25  Stalker  
  54  4:28  Probe, Adept  
  59  4:35  Probe  
  59  4:37  Immortal  
  65  4:49  Stalker  
  65  4:50  Probe x2  
  65  4:51  Robotics Facility  
  69  4:56  Pylon  
  69  5:00  Stalker  
  69  5:02  Pylon  
  71  5:12  Immortal  
  71  5:13  Probe  
  71  5:15  Gateway, Probe  
  77  5:22  Zealot  
  77  5:24  Assimilator  
  79  5:35  Zealot  
  81  5:40  Assimilator  
  81  5:45  Twilight Council  
  81  5:48  Zealot x2  
  85  5:52  Pylon  
  85  5:59  Nexus  
  85  6:03  Probe  
  85  6:04  Probe  
  87  6:09  Zealot  
  87  6:10  Zealot  
  91  6:11  Pylon  
  91  6:14  Zealot  
  91  6:15  Probe  
  94  6:25  Templar Archives  
  94  6:29  Zealot x2  
  94  6:30  Zealot  
  100  6:33  Pylon  
  100  6:34  Zealot  
  102  6:42  Sentry  
  102  6:45  Forge  
  104  6:49  Zealot  
  104  6:50  Stalker  
  108  6:55  Stalker  
  108  6:57  Pylon  
  108  6:58  Stalker  
  112  7:09  Stalker  
  112  7:11  Probe  
  112  7:12  Probe x2  
  112  7:13  Sentry  
  119  7:18  High Templar  
  119  7:19  High Templar  
  119  7:21  Assimilator  
  127  7:22  Immortal  
  127  7:23  Probe  
  127  7:26  Assimilator  
  127  7:27  Probe  
  127  7:28  Pylon, Protoss Ground Weapons Level 1, Probe  
  129  7:36  Probe  
  130  7:38  Archon, Probe  
  130  7:39  Probe  
  130  7:43  Nexus  
  132  7:46  High Templar  
  132  7:48  Probe x2, Pylon  
  132  7:51  Probe  
  136  7:57  High Templar  
  136  7:58  Probe  
  139  8:00  Probe  
  139  8:02  Zealot x2  
  139  8:03  Protoss Ground Armor Level 1, Probe  
  146  8:06  Immortal  
  146  8:09  Pylon  
  146  8:10  Probe  
  146  8:12  Probe  
  152  8:15  Probe  
  152  8:16  Psionic Storm  
  153  8:22  Probe  
  153  8:24  Probe  
  153  8:26  Archon  
  155  8:32  High Templar  
  155  8:33  Pylon  
  157  8:34  Zealot  
  159  8:42  High Templar, Observer, Warp Prism  
  164  8:51  Zealot  
  164  8:52  Zealot  
  164  8:53  Pylon  
  168  8:58  Observer  
  168  9:01  Archon  
  168  9:02  Assimilator  
  168  9:05  High Templar  
  168  9:06  Zealot, Assimilator  
  173  9:11  Stalker  
  173  9:14  High Templar  
  177  9:17  Pylon  
  177  9:18  Warp Prism  
  177  9:20  Archon, Immortal  
  183  9:26  Zealot  
  183  9:28  Archon  
  183  9:31  Zealot  
  167  9:34  Zealot  
  147  9:44  Immortal  
  127  9:46  Zealot  
  127  9:47  Zealot x2  
  129  9:54  High Templar  
  101  10:02  Zealot  
  101  10:06  Immortal, Adept  
  101  10:07  Zealot  
  109  10:18  Zealot  
  88  10:26  Stalker  
  88  10:27  High Templar, Zealot  
  92  10:32  Probe  
  92  10:34  Probe  
  94  10:36  Probe  
  94  10:38  Adept  
  91  10:43  Zealot  
  91  10:44  Probe  
  91  10:46  Probe  
  91  10:47  Probe  
  91  10:49  Stalker  
  98  10:51  Observer  
  98  10:56  Probe x2  
  97  10:57  Zealot  
  97  10:58  Sentry, Probe  
  97  10:59  Zealot  
  105  11:08  Probe x2, Nexus  
  105  11:11  Probe  
  108  11:12  Sentry  
  108  11:17  Zealot  
  107  11:19  Zealot  
  107  11:21  Probe, Zealot  
  107  11:23  Probe  
  100  11:33  Probe  
  100  11:35  Probe, Zealot  
  100  11:38  Stalker  
  82  11:59  High Templar  
  66  12:07  High Templar  
Tags
 
Add a new tag
Caveats
  • Supply blocks, unpowered buildings, or Contaminate may cause inaccurate times.
  • Supply counts are checked every 10 seconds.